Map: Celestial Enclave LE

Players

FalconsSolar (Solar)

  • Race: Zerg Zerg
  • Spawn Location: 1:00

MaxPax - Winner!

  • Race: Protoss Protoss
  • Spawn Location: 7:00

VOD

Have the link to the VOD?

Description

Time

  • Played on: Nov. 13, 2025, 5:41 a.m.
  • Length: 15:11
Show
View Real Time Build Order
Export as new Build Order

FalconsSolar Zerg 

Build Orders: Hatch First 

Get SALT Encoding   

  12  0:00  Drone  
  13  0:08  Drone  
  14  0:14  Extractor  
  14  0:15  Drone  
  15  0:22  Overlord  
  15  0:40  Drone  
  16  0:45  Hatchery  
  16  0:49  Drone  
  16  0:52  Drone  
  16  0:55  Drone  
  18  1:08  Extractor  
  17  1:13  Spawning Pool  
  17  1:14  Drone  
  17  1:18  Drone  
  18  1:26  Drone  
  19  1:37  Drone  
  20  1:50  Drone  
  21  1:57  Drone  
  21  1:59  Overlord  
  21  2:00  Queen x2  
  26  2:08  Drone  
  27  2:09  Drone  
  27  2:11  Metabolic Boost  
  28  2:19  Drone  
  28  2:20  Drone  
  30  2:30  Hatchery  
  30  2:33  Drone  
  30  2:36  Drone  
  31  2:41  Overlord  
  31  2:45  Queen  
  31  2:48  Zergling x2  
  34  2:51  Drone  
  34  2:52  Drone  
  36  3:03  Overlord  
  36  3:07  Drone x4  
  36  3:08  Drone x2  
  36  3:09  Drone  
  43  3:14  Zergling x2  
  44  3:20  Queen  
  44  3:21  Spore Crawler  
  44  3:22  Drone  
  44  3:25  Zergling x2  
  47  3:30  Queen  
  47  3:33  Overlord  
  49  3:44  Drone x6  
  49  3:46  Spore Crawler  
  54  3:49  Zergling x2  
  54  3:53  Overlord  
  54  3:57  Drone  
  54  3:58  Drone x3  
  54  4:00  Overlord  
  58  4:04  Overlord  
  57  4:12  Overlord  
  57  4:13  Drone  
  57  4:14  Overlord  
  57  4:16  Lair  
  58  4:20  Extractor, Zergling x4  
  59  4:29  Zergling x4  
  61  4:35  Drone  
  61  4:36  Drone x4  
  66  4:40  Drone x3  
  66  4:42  Drone  
  66  4:44  Spore Crawler  
  68  4:46  Drone  
  68  4:47  Drone  
  68  4:51  Drone  
  71  4:55  Extractor  
  71  4:56  Hatchery  
  71  4:57  Overlord  
  71  4:58  Drone x3  
  72  5:00  Overlord  
  72  5:01  Drone  
  72  5:02  Extractor  
  72  5:06  Extractor  
  72  5:07  Drone  
  72  5:09  Extractor  
  72  5:11  Drone x3  
  72  5:12  Drone x3  
  72  5:13  Evolution Chamber  
  76  5:14  Overseer  
  76  5:15  Spire  
  76  5:16  Drone x2  
  76  5:18  Drone  
  79  5:21  Drone  
  79  5:26  Drone x4  
  83  5:30  Queen  
  83  5:32  Zergling x2  
  83  5:34  Overlord  
  85  5:42  Drone, Spore Crawler  
  86  5:43  Drone  
  86  5:46  Overlord  
  86  5:48  Zergling x4  
  87  5:50  Hatchery  
  87  5:51  Drone  
  87  5:53  Drone  
  87  5:54  Overlord  
  88  5:58  Hatchery  
  88  6:04  Overlord  
  88  6:16  Drone  
  88  6:17  Roach Warren  
  88  6:20  Overlord  
  88  6:21  Mutalisk x9  
  105  6:26  Zergling x2  
  105  6:27  Zergling x8  
  105  6:29  Mutalisk  
  112  6:32  Overlord  
  112  6:34  Drone  
  113  6:40  Zerg Missile Weapons Level 1  
  113  6:44  Overlord  
  113  6:45  Drone  
  114  6:49  Overlord  
  114  6:52  Drone x7  
  121  6:56  Overlord  
  121  6:57  Extractor  
  121  7:01  Roach x3  
  126  7:02  Glial Reconstitution  
  126  7:07  Roach x4  
  134  7:11  Roach x2  
  134  7:14  Overlord  
  134  7:15  Queen  
  140  7:18  Roach x3  
  154  7:22  Roach  
  154  7:23  Roach x5  
  154  7:26  Overlord  
  154  7:27  Overlord  
  154  7:28  Roach  
  160  7:32  Roach x3  
  160  7:34  Overlord  
  160  7:36  Roach x2  
  170  7:37  Ravager  
  170  7:40  Ravager x5  
  170  7:42  Overlord  
  170  7:43  Roach  
  170  7:44  Roach  
  180  7:48  Roach x3  
  180  7:50  Roach x2  
  190  7:53  Queen  
  190  7:57  Ravager x2  
  188  8:00  Zergling x4  
  188  8:01  Zergling x10  
  188  8:02  Ravager  
  188  8:03  Overseer  
  196  8:08  Roach  
  198  8:17  Ravager  
  193  8:33  Roach x3  
  193  8:34  Roach x3  
  199  8:38  Roach x2  
  197  8:43  Roach x2  
  197  8:45  Hydralisk Den  
  184  8:50  Roach x6  
  184  8:51  Roach x5  
  198  9:01  Roach x2  
  199  9:04  Roach x2  
  189  9:13  Roach x8  
  189  9:14  Queen  
  189  9:17  Queen  
  189  9:21  Roach x3  
  189  9:25  Roach x2, Queen  
  189  9:27  Roach x2  
  189  9:30  Grooved Spines  
  183  9:36  Roach x5  
  172  9:42  Roach x3  
  160  9:47  Hydralisk x4  
  160  9:51  Zergling x4  
  156  9:55  Hydralisk x4  
  156  9:56  Spore Crawler  
  156  9:58  Spore Crawler  
  159  10:00  Zergling x4  
  159  10:02  Ravager  
  159  10:03  Hydralisk  
  159  10:04  Zergling x2  
  165  10:07  Hydralisk  
  161  10:15  Hydralisk x4  
  161  10:16  Zergling x4  
  161  10:18  Zergling x6  
  160  10:22  Muscular Augments, Zergling x4  
  160  10:26  Hydralisk  
  160  10:27  Hydralisk  
  163  10:28  Zergling x2  
  163  10:33  Roach x3  
  163  10:35  Ravager  
  171  10:36  Zergling x4  
  171  10:38  Zergling x6  
  175  10:43  Zergling x8  
  175  10:44  Zergling x2  
  175  10:45  Roach  
  175  10:48  Roach x2  
  185  10:50  Roach  
  185  10:53  Ravager  
  185  10:55  Roach x2  
  176  11:05  Roach x4  
  176  11:08  Ravager x3  
  176  11:09  Roach x2  
  176  11:10  Ravager, Zergling x2  
  176  11:11  Zergling x8  
  193  11:14  Roach x2  
  193  11:15  Roach  
  196  11:21  Roach x2  
  196  11:24  Roach x3  
  185  11:28  Roach x3  
  185  11:30  Ravager  
  186  11:33  Roach x2  
  186  11:38  Hydralisk  
  184  11:40  Roach x3  
  184  11:44  Roach x3  
  183  11:47  Roach x2  
  183  11:50  Hydralisk x2  
  183  11:53  Hydralisk  
  170  11:54  Zergling x2  
  170  11:57  Zergling x6  
  170  12:00  Roach  
  170  12:01  Roach  
  150  12:02  Roach  
  150  12:03  Hydralisk  
  150  12:07  Hydralisk  
  156  12:09  Ravager, Zergling x6  
  156  12:11  Ravager  
  156  12:12  Zergling x4  
  156  12:15  Hydralisk  
  165  12:16  Zergling x2  
  165  12:19  Hydralisk x2  
  165  12:21  Roach  
  167  12:24  Roach x2  
  167  12:26  Hydralisk  
  167  12:29  Zergling x6  
  176  12:32  Ravager x2  
  176  12:33  Roach x2  
  182  12:37  Roach x2  
  182  12:40  Hydralisk  
  182  12:42  Zergling x4  
  187  12:44  Hydralisk  
  187  12:48  Roach  
  187  12:49  Roach x2  
  190  12:52  Roach  
  190  12:53  Roach  
  190  12:57  Hydralisk x2  
  187  13:00  Roach  
  187  13:04  Hydralisk x2  
  181  13:05  Hydralisk  
  181  13:07  Roach  
  181  13:10  Hydralisk  
  181  13:11  Zergling x4  
  163  13:14  Hydralisk  
  163  13:16  Roach  
  163  13:19  Zergling x6  
  157  13:20  Roach  
  157  13:22  Hydralisk  
  157  13:26  Roach x2  
  147  13:27  Roach  
  147  13:30  Roach x2  
  147  13:32  Hydralisk  
  147  13:35  Ravager x3  
  147  13:37  Roach  
  147  13:39  Roach  
  147  13:40  Roach  
  156  13:43  Roach x2, Zergling x2  
  156  13:45  Hydralisk  
  156  13:47  Hydralisk  
  164  13:50  Hydralisk  
  164  13:52  Hydralisk  
  158  13:55  Zergling x2  
  158  13:56  Zergling x4  
  158  13:59  Zergling x4  
  158  14:01  Roach x2  
  158  14:02  Roach  
  163  14:04  Roach  
  163  14:05  Roach  
  163  14:06  Roach  
  163  14:09  Roach  
  159  14:10  Hydralisk  
  159  14:12  Hydralisk  
  159  14:14  Hydralisk  
  163  14:17  Hydralisk  
  163  14:18  Roach  
  163  14:20  Zergling x2  
  163  14:22  Hydralisk x2  
  163  14:24  Ravager  
  172  14:27  Ravager  
  172  14:28  Zergling x6  
  172  14:29  Roach  
  178  14:33  Roach x2  
  178  14:35  Hydralisk  
  178  14:37  Roach  
  185  14:40  Roach x3  
  185  14:44  Hydralisk  
Show
View Real Time Build Order
Export as new Build Order

MaxPax Protoss - Winner!

Build Orders: 1 Gate Expand, Oracle Opening, Zealot Archon 

Get SALT Encoding   

  12  0:00  Probe  
  13  0:12  Probe  
  14  0:21  Pylon  
  14  0:24  Probe  
  14  0:27  Assimilator  
  15  0:35  Probe  
  16  0:43  Gateway, Probe  
  17  0:53  Probe  
  18  1:05  Probe  
  19  1:18  Probe  
  20  1:25  Nexus  
  20  1:32  Cybernetics Core  
  20  1:36  Probe  
  21  1:40  Assimilator  
  21  1:48  Probe  
  21  1:50  Pylon  
  22  1:59  Probe  
  23  2:07  Probe  
  23  2:08  Adept  
  23  2:14  Stargate  
  26  2:16  Probe  
  26  2:19  Warp Gate  
  27  2:27  Probe  
  28  2:34  Probe  
  28  2:39  Probe  
  28  2:40  Adept  
  28  2:42  Probe  
  32  2:50  Void Ray  
  33  2:51  Probe x2  
  39  3:03  Probe  
  39  3:04  Probe  
  41  3:06  Pylon  
  41  3:15  Probe  
  41  3:16  Probe  
  43  3:20  Oracle  
  43  3:27  Probe  
  43  3:28  Probe  
  48  3:36  Nexus  
  48  3:40  Probe x2  
  50  3:43  Pylon  
  50  3:54  Gateway, Probe x2  
  52  4:06  Probe x2  
  53  4:10  Assimilator x2  
  53  4:18  Void Ray, Probe x2  
  59  4:25  Pylon  
  59  4:30  Probe  
  60  4:32  Twilight Council  
  60  4:33  Forge  
  60  4:34  Probe  
  61  4:40  Pylon  
  61  4:42  Probe  
  62  4:49  Probe  
  62  4:51  Void Ray  
  63  4:57  Probe x3  
  69  5:03  Adept, Shield Battery  
  69  5:06  Probe  
  72  5:07  Protoss Ground Weapons Level 1  
  72  5:08  Charge  
  72  5:09  Probe  
  72  5:10  Probe  
  75  5:17  Probe  
  75  5:19  Gateway  
  76  5:21  Gateway  
  76  5:23  Pylon  
  76  5:24  Probe x2  
  78  5:29  Probe  
  78  5:32  Templar Archives  
  79  5:36  Probe  
  79  5:38  Assimilator  
  79  5:39  Pylon  
  79  5:40  Probe  
  79  5:42  Probe, Assimilator  
  82  5:48  Pylon, Probe  
  83  5:52  Gateway, Probe  
  83  5:55  Gateway  
  84  5:57  Zealot x2  
  84  6:03  Probe  
  85  6:06  Gateway  
  85  6:10  Phoenix  
  85  6:16  Probe  
  85  6:17  Gateway, Probe x2  
  85  6:18  Stargate  
  90  6:27  Phoenix  
  90  6:28  Probe  
  90  6:29  Photon Cannon, Probe x2  
  93  6:33  Psionic Storm  
  95  6:42  Photon Cannon  
  95  6:52  Phoenix  
  97  6:54  Photon Cannon  
  97  6:57  Phoenix, Nexus  
  97  6:59  High Templar x2  
  97  7:00  Photon Cannon  
  101  7:02  Pylon  
  101  7:03  Archon  
  103  7:16  Probe  
  103  7:17  Phoenix x2  
  103  7:18  Photon Cannon, High Templar  
  103  7:20  Pylon  
  103  7:21  Probe  
  103  7:22  Pylon  
  111  7:23  Shield Battery  
  111  7:26  Probe  
  111  7:28  Probe  
  113  7:32  High Templar  
  113  7:33  Probe  
  113  7:35  Photon Cannon  
  116  7:38  Gateway, Probe  
  116  7:40  High Templar, Probe  
  116  7:41  Gateway  
  120  7:44  Photon Cannon  
  120  7:45  Probe  
  120  7:46  Photon Cannon  
  120  7:50  Probe, Assimilator  
  121  7:58  Probe  
  121  7:59  Phoenix  
  121  8:00  High Templar, Probe  
  121  8:04  High Templar  
  128  8:07  Photon Cannon, Zealot x5  
  128  8:10  Probe  
  139  8:17  Robotics Facility  
  139  8:19  Zealot  
  141  8:30  Zealot x4  
  145  8:40  Zealot  
  147  8:44  Void Ray x2  
  147  8:47  Zealot x4  
  147  8:56  Archon  
  147  8:58  Immortal  
  147  8:59  Pylon  
  142  9:05  Zealot x3  
  145  9:11  Pylon  
  132  9:17  Zealot  
  132  9:18  High Templar, Zealot x5  
  137  9:31  Phoenix x2  
  117  9:34  Archon  
  117  9:37  Zealot x3  
  119  9:44  Probe x2  
  119  9:45  High Templar x5, Probe  
  121  9:46  Zealot  
  121  9:47  Probe  
  121  9:50  Immortal  
  118  9:56  Probe x2  
  118  9:57  Probe  
  118  9:59  Pylon, Probe  
  122  10:02  Assimilator  
  122  10:04  Photon Cannon x2  
  122  10:05  Zealot x4  
  122  10:06  Photon Cannon, Zealot  
  132  10:21  Immortal  
  132  10:25  Robotics Facility  
  130  10:32  Fleet Beacon  
  130  10:34  High Templar  
  136  10:37  Zealot x3  
  136  10:40  High Templar x2  
  136  10:41  Nexus  
  146  10:42  Pylon  
  146  10:47  Zealot x3, Archon  
  146  10:48  Zealot  
  154  10:55  Immortal  
  148  10:57  Pylon x2  
  148  11:03  Archon  
  146  11:06  High Templar  
  148  11:11  High Templar x2  
  148  11:12  Zealot x3, Immortal  
  148  11:13  Probe x4  
  148  11:16  Archon  
  154  11:25  Probe  
  149  11:26  Immortal  
  149  11:27  Zealot x2  
  149  11:28  Zealot x2  
  159  11:40  Zealot x3  
  159  11:41  Zealot  
  159  11:43  Archon  
  159  11:44  Archon  
  155  11:47  Immortal  
  155  11:48  Zealot x5  
  142  11:56  Zealot  
  142  11:57  Immortal  
  134  12:05  High Templar  
  134  12:06  High Templar x3  
  134  12:07  Probe x4  
  148  12:09  Photon Cannon  
  148  12:11  Shield Battery  
  148  12:13  High Templar  
  150  12:16  Zealot x3  
  156  12:23  Protoss Ground Weapons Level 2, Immortal  
  156  12:26  Zealot x2  
  156  12:28  Probe  
  158  12:35  Immortal  
  162  12:37  Assimilator  
  162  12:38  Assimilator  
  162  12:39  Zealot  
  162  12:42  High Templar  
  162  12:43  Zealot  
  162  12:44  High Templar  
  168  12:48  Archon  
  168  12:51  Zealot  
  168  12:54  Zealot x5  
  161  13:02  High Templar  
  161  13:05  Archon  
  154  13:10  Archon  
  142  13:13  Zealot x2  
  142  13:17  High Templar, Zealot x4  
  142  13:21  Immortal  
  144  13:32  High Templar x2  
  144  13:33  Probe x3, Assimilator  
  144  13:34  Warp Prism, Probe  
  150  13:41  High Templar x2  
  156  13:43  Zealot x5  
  166  13:48  Photon Cannon  
  166  13:50  Archon, Immortal  
  153  13:57  Zealot  
  153  14:01  Probe  
  162  14:08  Zealot x3  
  156  14:17  Zealot x3  
  156  14:22  High Templar, Archon  
  156  14:23  High Templar  
  156  14:24  High Templar  
  162  14:25  Zealot  
  162  14:27  Archon  
  162  14:28  Zealot x2  
  168  14:32  Observer  
  165  14:41  Zealot x4  
  165  14:45  Observer  
  150  14:53  Zealot x3  
  150  14:54  Archon  
  150  15:00  Zealot x3  
Tags
 
Add a new tag
Caveats
  • Supply blocks, unpowered buildings, or Contaminate may cause inaccurate times.
  • Supply counts are checked every 10 seconds.